 Dungeon Crawl Stone Soup version 0.29-a0-321-gf1c400731a (webtiles) character file.

Game seed: 12248181355829229186

81 Hubjo the Skirmisher (level 4, -2/37 HPs)
             Began as a Demonspawn Monk on Apr 4, 2022.
             Killed by nerve-wracking pain
             ... invoked by an orc priest
              (4 damage)
             ... on level 3 of the Dungeon.
             The game lasted 00:02:48 (2719 turns).

Hubjo the Skirmisher (Demonspawn Monk)              Turns: 2719, Time: 00:02:48

Health: -2/37      AC:  2    Str: 11    XL:     4   Next: 20%
Magic:  0/5        EV: 13    Int: 12    God:
Gold:   92         SH:  4    Dex: 17    Spells: 5/5 levels left

rFire   . . .      SeeInvis .   a - +0 short sword
rCold   . . .      Faith    .   (no shield)
rNeg    . . .      Spirit   +   b - +0 robe
rPois   .          Reflect  .   (no helmet)
rElec   .          Harm     .   (no cloak)
rCorr   .          Rampage  .   (no gloves)
Will    .....                   (no boots)
Stlth   ++........              f - amulet of guardian spirit
HPRegen 0.12/turn               (no ring)
MPRegen 0.09/turn               (no ring)

@: no status effects
A: foul stench 1, condensation shield, weakness stinger 1
a: no special abilities


You were on level 3 of the Dungeon.
You visited 1 branch of the dungeon, and saw 3 of its levels.

You collected 92 gold pieces.

Inventory:

Hand Weapons
 a - a +0 short sword (weapon)
Armour
 b - a +0 robe (worn)
Jewellery
 f - an amulet of guardian spirit (around neck)
 g - an amulet of magic regeneration
 h - a ring of flight
Scrolls
 d - a scroll of enchant armour {unknown}
 e - a scroll of teleportation {unknown}
 i - a scroll of vulnerability {unknown}
 l - a scroll of fear {unknown}
 m - a scroll of summoning {unknown}
 n - a scroll of fog {unknown}
Potions
 c - a potion of ambrosia
 j - a potion of flight {unknown}
 k - a potion of curing {unknown}
 o - a potion of cancellation {unknown}
 p - a potion of degeneration {unknown}


   Skills:
 * Level 3.9 Fighting
 - Level 2.6 Short Blades
 - Level 2.6 Dodging
 * Level 3.1 Stealth
 + Level 1.2 Spellcasting


You had 5 spell levels left.
You didn't know any spells.
Your spell library was empty.

Dungeon Overview and Level Annotations

Branches:
Dungeon (3/15)

Altars:


Innate Abilities, Weirdness & Mutations

You may rarely emit foul miasma when damaged in melee.
A meltable shield of frost defends you. (SH +4)
You have a small tail.


Message History

The orc wizard hits you with a +0 dagger.
The orc wizard hits you with a +0 dagger.
The orc wizard hits you but does no damage.
The orc wizard hits you but does no damage.
The orc wizard misses you.
You feel less confused. The orc wizard closely misses you.
The orc wizard hits you but does no damage.
The orc wizard hits you with a +0 dagger.
The orc wizard barely misses you.
The orc wizard hits you with a +0 dagger.
An orc comes into view. It is wielding a +0 hand axe.
The orc wizard hits you with a +0 dagger.
You emit a cloud of foul miasma!
The orc wizard is engulfed in dark miasma.
The orc wizard is poisoned.
The orc wizard hits you with a +0 dagger.
The orc shouts!
You hear a shout!
The orc wizard is engulfed in dark miasma.
The orc wizard looks even sicker.
The orc wizard hits you with a +0 dagger.
The orc wizard is engulfed in dark miasma.
The orc wizard looks even sicker.
You kill the orc wizard!
The orc closely misses you.
Your Stealth skill increases to level 3!
You have reached level 4!
You feel clever.
Your demonic ancestry asserts itself...
Frost condenses into a shield before you.
The orc hits you with a +0 hand axe.
You emit a cloud of foul miasma!
The orc is engulfed in dark miasma.
The orc is poisoned.
You kill the orc!
An orc priest comes into view. It is wielding a +0 dagger.
The orc priest invokes the aid of Beogh against you.
Beogh smites you!
* * * LOW HITPOINT WARNING * * *
An orc comes into view. It is wielding a +0 club.
The orc priest invokes the aid of Beogh against you.
Pain shoots through your body!
You die...

#.###.##..#
#.##.....#
#.........#
#.###.<..#
#........##
#........#
######.###
######.### #.# #.#
#.# ##'## #.#
##...## ##.#####
##.....# #@.....#
##....... #))....#
#........
oo.......+.....<..
##....#.###........
#.##...# ##.......
#.# #..# ##.....#
#.# ..# ##...## #..
.# #...# #...#


You could see an orc priest and an orc.

Vanquished Creatures
  An orc wizard (D:3)
  An adder (D:2)
  A worm (D:2)
  An orc (D:3)
  5 ball pythons
  6 endoplasms
  3 giant cockroaches
  2 goblins (D:1)
  8 hobgoblins
  A quokka (D:2)
  3 bats
  A frilled lizard (D:1)
  2 kobolds (D:1)
  5 rats (D:1)
40 creatures vanquished.

Notes
Turn   | Place    | Note
-------+----------+-------------------------------------------
     0 | D:1      | Hubjo the Demonspawn Monk began the quest for the Orb.
     0 | D:1      | Reached XP level 1. HP: 18/18 MP: 1/1
   264 | D:1      | Gained mutation: You may rarely emit foul miasma when
                  | damaged in melee. [demonic ancestry]
   264 | D:1      | Reached XP level 2. HP: 21/24 MP: 2/2
   525 | D:1      | Found a faded altar of an unknown god.
  1440 | D:2      | Gained mutation: You have a small tail. [demonic ancestry]
  1440 | D:2      | Reached XP level 3. HP: 18/29 MP: 2/4
  2159 | D:2      | Reached skill level 1 in Spellcasting
  2713 | D:3      | Gained mutation: A meltable shield of frost defends you.
                  | (SH +4) [demonic ancestry]
  2713 | D:3      | Reached XP level 4. HP: 16/37 MP: 2/5
  2719 | D:3      | Killed from afar by an orc priest

Illustrated notes

Levels and vault maps discovered:
D:1:      dpeg_arrival_radiant, layout_loops_ring,
          shapermc_ecumenical_altar_venn, chequers_avenue, minivault_26,
          minmay_tetromino_s2
D:2:      layout_basic
D:3:      layout_loops_corners, minmay_misc_feat_secret_circle, uniq_ijyb

Skill      XL: |  1  2  3 |
---------------+----------+-----
Stealth        | 2 3 |  3.1
Spellcasting   | 1 |  1.2
Fighting       | |  3.9
Short Blades   | |  2.6
Dodging        | |  2.6

Action                   |  1- 3 |  4- 6 || total
-------------------------+-------+-------++-------
Melee: Short sword       |   118 |       ||   118
       Tailslap          |     3 |       ||     3
 Stab: Sleeping          |     8 |       ||     8
Armor: Robe              |    32 |       ||    32
Dodge: Dodged            |    92 |       ||    92

Table legend: (Time is in decaauts)
 A = Elapsed time spent in this place.
 B = Non-inter-level travel time spent in this place.
 C = Inter-level travel time spent in this place.
 D = Time resting spent in this place.
 E = Time spent auto-exploring this place.
 F = Levels seen in this place.
 G = Mean time per level.
                   A        B        C        D        E       F      G
               +--------+--------+--------+--------+--------+-----+--------+
         Total |   2715 |   2688 |     27 |      0 |   2238 |   3 |  905.0 |
       Dungeon |   2715 |   2688 |     27 |      0 |   2238 |   3 |  905.0 |
               +--------+--------+--------+--------+--------+-----+--------+

Top non-repeatable levels by time:
     D:1: 1427 daAuts
     D:2: 1111 daAuts
     D:3: 175 daAuts
